 Dungeon Crawl Stone Soup version 0.31-a0-329-g52107efa6a (webtiles) character file.

Game seed: 6317712965514729720

528 AdnanSaban the Cudgeller (level 7, -5/44 HPs)
             Began as a Gargoyle Fighter on July 19, 2023.
             Killed from afar by an orc wizard (8 damage)
             ... with a puff of flame
             ... on level 4 of the Dungeon.
             The game lasted 00:03:12 (2882 turns).

AdnanSaban the Cudgeller (Gargoyle Fighter)         Turns: 2882, Time: 00:03:13

Health: -5/44      AC: 13    Str: 22    XL:     7   Next: 23%
Magic:  7/7        EV:  9    Int:  8    God:
Gold:   273        SH:  4    Dex:  9    Spells: 6/6 levels left

rFire   . . .        a - +0 flail
rCold   . . .        c - +0 buckler
rNeg    + . .        b - +0 scale mail
rPois   ∞            (no helmet)
rElec   +            (no cloak)
rCorr   .            (no gloves)
SInv    .            l - +0 pair of boots
Will    .....        (no amulet) Stlth
                     (no ring)
HPRegen 0.27/turn    (no ring)
MPRegen 0.10/turn

%: no passive effects
@: no status effects
A: sickness immunity, AC +4, negative energy resistance 1, electricity
resistance, torment resistance 1, petrification resistance
a: no special abilities


You were on level 4 of the Dungeon.
You visited 1 branch of the dungeon, and saw 4 of its levels.

You collected 273 gold pieces.

Inventory:

Hand Weapons
 a - a +0 flail (weapon)
Armour
 b - a +0 scale mail (worn)
 c - a +0 buckler (worn)
 l - a +0 pair of boots (worn)
Jewellery
 g - a ring of ice
 n - a ring of protection from cold
 r - a +6 ring of dexterity
Scrolls
 e - a scroll of poison {unknown}
 f - a scroll of butterflies {unknown}
 h - 6 scrolls of teleportation {unknown}
 j - 4 scrolls of fear {unknown}
 p - a scroll of amnesia {unknown}
 q - 2 scrolls of identify {unknown}
 t - a scroll of enchant armour {unknown}
 u - a scroll of silence {unknown}
Potions
 d - 2 potions of might
 i - a potion of curing {unknown}
 k - a potion of resistance {unknown}
 m - 2 potions of attraction {unknown}
 o - a potion of degeneration {unknown}
 s - a potion of ambrosia {unknown}
 v - a potion of brilliance {unknown}


   Skills:
 + Level 4.5 Fighting
 + Level 5.4 Maces & Flails
 + Level 5.2 Armour
 + Level 4.4 Shields


You had 6 spell levels left.
You didn't know any spells.
Your spell library contained the following spells:

 Spells                   Type           Power      Damage    Failure   Level
 Poisonous Vapours        Pois/Air       0%         N/A       89%         2
 Scorch                   Fire           0%         2d5       89%         2
 Mephitic Cloud           Conj/Pois/Air  0%         N/A       98%         3
 Tukima's Dance           Hex            0%         N/A       98%         3
 Animate Dead             Necr           0%         N/A       100%        4
 Flame Wave               Conj/Fire      0%         2d4       100%        4
 Passage of Golubria      Tloc           0%         N/A       100%        4
 Borgnjor's Vile Clutch   Necr/Erth      0%         N/A       100%        5
 Freezing Cloud           Conj/Ice/Air   0%         6-21      100%        5
 Yara's Violent Unravell  Hex/Tmut       0%         3d3       100%        5
 Death Channel            Necr           0%         N/A       100%        6
 Summon Cactus Giant      Summ           0%         N/A       100%        6


Dungeon Overview and Level Annotations

Branches:
Dungeon (4/15)
 Temple: D:4-7

Altars:

Shops:
D:3 ?


Innate Abilities, Weirdness & Mutations

You are immune to sickness and miasma.
Your stone body is resilient. (AC +4)
You are immune to poison.
You resist negative energy. (rN+)
You are resistant to electric shocks. (rElec)
You are resistant to unholy torment.
You are immune to petrification.


Message History

You are too injured to fight recklessly!
You are too injured to fight recklessly!
You are too injured to fight recklessly!
You are too injured to fight recklessly!
You are too injured to fight recklessly!
You are too injured to fight recklessly!
You are too injured to fight recklessly!
You are too injured to fight recklessly!
You are too injured to fight recklessly!
You barely miss something. You block something's attack.
The orc hits you with a +0 flail.
You barely miss something.
You hear some strange, mumbled words.
Something tries to affect you, but you resist.
The orc hits you but does no damage. Something hits you.
* * * LOW HITPOINT WARNING * * *
The orc hits you with a +0 flail.
* * * LOW HITPOINT WARNING * * *
You hit something. Something hits you but does no damage.
The orc barely misses you. Something hits you but does no damage.
An orc wizard appears from thin air!
Reactivating autopickup.
The orc wizard attacks as you move away!
You block the orc wizard's attack.
The orc wizard gestures at you while chanting.
The magic dart hits you.
* * * LOW HITPOINT WARNING * * *
The orc priest calls upon Beogh to heal the orc wizard.
The orc wizard's wounds heal themselves!
The orc wizard points at you and mumbles some strange words.
You resist with some effort.
The orc priest calls upon Beogh to heal something.
The orc wizard points at you and mumbles some strange words.
The magic dart hits you.
* * * LOW HITPOINT WARNING * * *
The orc priest looks encouraged for a moment.
The orc wizard gestures at you while chanting.
The puff of flame hits you!
You die...

...........##....................
.######..#.......................
.....##..#.##..##................
...<.##..#.#..###.....####....#..
.....###.#....###)......##.......
.######....#.###...........##....
.# ##...###.............####.# .#
#......#............## #.. .#
###.........@.........######. ##
#...........#.........##.###.
#####..#......###.##.............
.......#...........#....###......
...............#.....#..#...##...
...............#..#o.##..........
........#......#.##.###...#..#...
.......##......#...oo##..##..###.
...##..####.#.........#..###.. ..


You could see an orc priest, an orc wizard and an orc.

Vanquished Creatures
  Sigmund (D:4)
  A scorpion (D:4)
  5 orc priests
  An orc wizard (D:2)
  8 adders
  2 dart slugs
  7 orcs (D:3)
  5 ball pythons
  6 endoplasms
  A giant cockroach (D:2)
  5 hobgoblins
  4 jackals (D:1)
  3 quokkas
  4 bats
  3 frilled lizards
  4 goblins
  7 kobolds
  9 rats
76 creatures vanquished.

Notes
Turn   | Place    | Note
-------+----------+-------------------------------------------
     0 | D:1      | AdnanSaban the Gargoyle Fighter began the quest for the
                  | Orb.
     0 | D:1      | Reached XP level 1. HP: 14/14 MP: 1/1
    88 | D:1      | Reached XP level 2. HP: 6/19 MP: 2/2
   735 | D:2      | Reached XP level 3. HP: 21/24 MP: 3/3
  1173 | D:2      | Reached XP level 4. HP: 24/29 MP: 4/4
  1672 | D:3      | Found The Oracle's Delphic Readings.
  1763 | D:3      | Found a faded altar of an unknown god.
  1774 | D:3      | Reached XP level 5. HP: 30/33 MP: 5/5
  2079 | D:3      | Reached XP level 6. HP: 10/38 MP: 6/6
  2606 | D:4      | Noticed Sigmund
  2630 | D:4      | Killed Sigmund
  2631 | D:4      | Reached skill level 5 in Maces & Flails
  2631 | D:4      | Reached skill level 5 in Armour
  2631 | D:4      | Reached XP level 7. HP: 31/44 MP: 7/7
  2882 | D:4      | Killed from afar by an orc wizard

Illustrated notes

Levels and vault maps discovered:
D:1:      spicycebolla_arrival_clurvy, layout_basic
D:2:      wander_river, layout_basic, serial_bayou_pond_a
D:3:      layout_loops_ring, dreamdust_ecumenical_altar_statues,
          minmay_misc_feat_hallway, minmay_gold_behind_fungi,
          serial_bayou_pond_c, nicolae_nh_oracle_at_delphi
D:4:      cheibrodos_pilgrimage, layout_cave_pools, nicolae_ru_awakened_eye,
          serial_shops, nicolae_shop_window_shopping,
          nicolae_elevator_lobby_plus, uniq_natasha, uniq_sigmund

Skill      XL: |  1  2  3  4  5  6 |
---------------+-------------------+-----
Maces & Flails | 3 4 5 |  5.4
Armour         | 4 5 |  5.2
Fighting       | 4 |  4.5
Shields        | 4 |  4.4

Action                     |  1- 3 |  4- 6 |  7- 9 || total
---------------------------+-------+-------+-------++-------
  Melee: Flail             |   135 |   151 |    27 ||   313
 Armour: Scale mail        |    99 |    79 |    13 ||   191
  Dodge: Dodged            |    84 |    54 |    11 ||   149
  Block: Buckler           |    39 |    39 |     6 ||    84

Table legend: (Time is in decaauts)
 A = Elapsed time spent in this place.
 B = Non-inter-level travel time spent in this place.
 C = Inter-level travel time spent in this place.
 D = Time resting spent in this place.
 E = Time spent auto-exploring this place.
 F = Levels seen in this place.
 G = Mean time per level.
                   A        B        C        D        E       F      G
               +--------+--------+--------+--------+--------+-----+--------+
         Total |   2990 |   2920 |     70 |    182 |   2028 |   4 |  747.5 |
       Dungeon |   2990 |   2920 |     70 |    182 |   2028 |   4 |  747.5 |
               +--------+--------+--------+--------+--------+-----+--------+

Top non-repeatable levels by time:
     D:3: 1073 daAuts
     D:2: 967 daAuts
     D:1: 626 daAuts
     D:4: 322 daAuts
